 Dungeon Crawl Stone Soup version 0.13-a0-1536-gedae9ec (webtiles) character file.

339 Kae the Sneak (level 5, 0/24 HPs)
             Began as a Spriggan Enchanter on June 9, 2013.
             Killed by divine providence
             ... invoked by an orc priest
              (10 damage)
             ... on Level 4 of the Dungeon.
             The game lasted 00:04:13 (3200 turns).

Kae the Sneak (Spriggan Enchanter)                  Turns: 3200, Time: 00:04:13

HP   0/24        AC  3     Str  5      XL: 5   Next: 64%
MP  14/16        EV 18     Int 16      God:
Gold 120         SH  0     Dex 17      Spells:  3 memorised,  4 levels left

Res.Fire  : . . .   See Invis. : +   a - +1 dagger {=f}
Res.Cold  : . . .   Warding    : .   b - +1 robe
Life Prot.: . . .   Conserve   : .   (shield restricted)
Res.Poison: .       Res.Corr.  : .   (helmet restricted)
Res.Elec. : .       Clarity    : .   (no cloak)
Sust.Abil.: . .     Spirit.Shd : .   (gloves unavailable)
Res.Mut.  : .       Stasis     : .   (boots unavailable)
Res.Rott. : .       Flight     : .   (no amulet)
Saprovore : . . .                    (no ring)
                                     (no ring)

@: very quick, somewhat resistant to hostile enchantments, quite stealthy
A: unfitting armour, see invisible, herbivore 3, speed 3, slow metabolism 2
a: no special abilities


You were on level 4 of the Dungeon.
You were full.

You visited 1 branch of the dungeon, and saw 4 of its levels.

You collected 100 gold pieces.

Inventory:

Hand weapons
 a - a +1,+1 dagger (weapon) {=f}
 y - a +1,+3 orcish dagger
 z - a +2,+2 dagger of holy wrath
Missiles
 d - 12 darts (quivered)
Armour
 b - a +1 robe (worn)
Magical devices
 w - a wand of digging (14) {unknown}
Comestibles
 j - 2 meat rations
 m - 4 bread rations
Scrolls
 h - a scroll of fog {unknown}
 k - 2 scrolls of identify {unknown}
 n - a scroll of enchant weapon II {unknown}
 p - a scroll of enchant weapon I {unknown}
 r - a scroll of curse weapon {unknown}
 s - a scroll of enchant armour {unknown}
 u - a scroll of noise {unknown}
 v - a scroll of fear {unknown}
Jewellery
 f - a +4 ring of protection {unknown}
 o - an uncursed ring of protection from cold {unknown}
Potions
 g - a potion of might {unknown}
 i - 9 potions of curing {unknown}
 l - 3 potions of heal wounds {unknown}
 q - 2 potions of speed {unknown}
 t - a potion of flight {unknown}
 x - 2 potions of mutation {unknown}
 A - a potion of poison {unknown}
Books
 c - a book of Maledictions

   Spells                             Type                      Level
   *Corona                            Hexes                        1
   Sure Blade                         Hexes/Charms                 2
   *Ensorcelled Hibernation           Hexes/Ice                    2
   *Confuse                           Hexes                        3
   Enslavement                        Hexes                        4
   Invisibility                       Hexes                        6


   Skills:
 + Level 3.4 Short Blades
 - Level 1.1 Throwing
 - Level 3.0 Dodging
 + Level 5.2 Stealth
 + Level 3.3 Spellcasting
 + Level 4.8 Hexes


You had 4 spell levels left.
You knew the following spells:

 Your Spells              Type           Power        Failure   Level  Hunger
a - Corona                Hex            ###....      2%          1    None
b - Ensorcelled Hibernat  Hex/Ice        ##....       12%         2    ##.....
c - Confuse               Hex            ###.....     10%         3    ###....


Dungeon Overview and Level Annotations

Branches:
Dungeon (4/27)
 Temple: D:4-7

Altars:
Ashenzari
Sif Muna


Innate Abilities, Weirdness & Mutations

You are tiny and cannot use many weapons and most armour.
You have supernaturally acute eyesight.
You are a herbivore.
You cover ground extremely quickly.
You need consume almost no food.


Message History

Unknown command. 3 orcs come into view.
The orc shouts!
An orc priest comes into view. It is wielding an orcish flail.
The orc shouts!
Casting: Ensorcelled Hibernation
Confirm with . or Enter, or press ? or * to list all spells.
Aiming: Ensorcelled Hibernation
Press: ? - help, Shift-Dir - straight line, f - orc
Aim: an orc, wielding an orcish falchion The orc looks drowsy...
The orc priest calls down the wrath of Beogh upon you.
Something smites you!
The orc hits you from afar with an orcish trident.
The helpless orc fails to defend itself.
You slice the orc!!
You kill the orc!
The orc priest mumbles some strange prayers to Beogh against you.
Something smites you!
You die...

###### .
#....# ...##
#.<#.#
......o####.#
....o.o)@...#
......#######
... .


You could see an orc priest and 2 orcs.

Vanquished Creatures
  The ghost of TZer0 the Chopper, an average LOBe of Trog (D:3)
  Jessica (D:2)
  4 adders
  4 giant geckos
  An ooze (D:3)
  6 orcs
  11 goblins
  4 hobgoblins
  6 jackals
  3 quokkas
  A ball python (D:3)
  8 bats
  3 giant cockroaches
  7 giant newts
  4 kobolds
  5 rats
69 creatures vanquished.

Notes
Turn   | Place    | Note
--------------------------------------------------------------
     0 | D:1      | Kae, the Spriggan Enchanter, began the quest for the Orb.
     0 | D:1      | Reached XP level 1. HP: 9/9 MP: 4/4
   151 | D:1      | Found a shattered altar of Ashenzari.
   250 | D:1      | Reached XP level 2. HP: 2/13 MP: 6/6
   332 | D:1      | Learned a level 2 spell: Ensorcelled Hibernation
  1095 | D:2      | Noticed Jessica
  1214 | D:2      | Killed Jessica
  1214 | D:2      | Reached XP level 3. HP: 16/16 MP: 9/9
  1410 | D:2      | Reached skill level 4 in Hexes
  1625 | D:2      | Reached XP level 4. HP: 14/21 MP: 12/12
  2445 | D:3      | Noticed TZer0's ghost (average LOBe)
  2456 | D:3      | Learned a level 3 spell: Confuse
  2477 | D:3      | Killed TZer0's ghost
  2477 | D:3      | Reached skill level 5 in Stealth
  2477 | D:3      | Reached XP level 5. HP: 22/24 MP: 4/16
  2600 | D:3      | Found a deep blue altar of Sif Muna.
  3200 | D:4      | Killed from afar by an orc priest

Action                   |  1- 3 |  4- 6 || total
-------------------------+-------+-------++-------
Melee: Dagger            |   172 |   141 ||   313
 Cast: Ensorcelled Hiber |     1 |    13 ||    14
       Confuse           |       |     3 ||     3
  Use: Potion            |       |     1 ||     1
 Stab: Distracted        |     1 |       ||     1
       Sleeping          |     5 |    19 ||    24
       Confused          |       |     3 ||     3
